 Dungeon Crawl Stone Soup version 0.30.0-29-ga12c61a403 (webtiles) character file.

Game seed: 11055901510367710463

35 McKennaii the Conjurer (level 3, -7/26 HPs)
             Began as a Demigod Conjurer on June 5, 2023.
             Mangled by Terence
             ... wielding a +4 mace of holy wrath
              (15 damage)
             ... on level 2 of the Dungeon.
             The game lasted 00:00:31 (1224 turns).

McKennaii the Conjurer (Demigod Conjurer)           Turns: 1224, Time: 00:00:32

Health: -7/26      AC:  0    Str:  8    XL:     3   Next: 4%
Magic:  1/9        EV: 14    Int: 24    God:
Gold:   49         SH:  0    Dex: 12    Spells: 4/7 levels left

rFire   . . .        (weapon currently unavailable)
rCold   . . .        (shield currently unavailable)
rNeg    . . .        a - melded +0 robe
rPois   .            (helmet currently unavailable)
rElec   .            (cloak currently unavailable)
rCorr   .            e - melded +0 pair of gloves
SInv    .            (boots currently unavailable)
Will    .....        (no amulet)
Stlth   ++           (ring currently unavailable)
HPRegen 0.24/turn    (ring currently unavailable)
MPRegen 0.11/turn

%: no passive effects
@: pig-form, very slightly contaminated, very quick
A: fast, no casting, small, high MP 1, forlorn, divine attributes
a: no special abilities


You were on level 2 of the Dungeon.
You were a filthy swine.
You visited 1 branch of the dungeon, and saw 2 of its levels.

You collected 49 gold pieces.

Inventory:

Armour
 a - a +0 robe (melded)
 e - a +0 pair of gloves (melded)
Scrolls
 c - a scroll of enchant weapon {unknown}
 d - a scroll of amnesia {unknown}
 g - 2 scrolls of identify {unknown}
 h - a scroll of immolation {unknown}
Potions
 b - 2 potions of magic
 f - a potion of resistance {unknown}


   Skills:
 - Level 1.7 Dodging
 - Level 1.7 Stealth
 + Level 2.5 Spellcasting
 + Level 4.1 Conjurations


You had 4 spell levels left.
You knew the following spells:

 Your Spells              Type           Power      Damage    Failure   Level
a - Magic Dart            Conj           92%        1d7       1%          1
b - Searing Ray           Conj           46%        2d6       3%          2

Your spell library contained the following spells:

 Spells                   Type           Power      Damage    Failure   Level
 Dazzling Flash           Conj/Hex       26%        N/A       14%         3
 Fulminant Prism          Conj/Hex       6%         3d6       43%         4
 Iskenderun's Mystic Bla  Conj/Tloc      13%        2d5       43%         4


Dungeon Overview and Level Annotations

Branches:
Dungeon (2/15)

Shops:
D:1 (

Annotations:
D:2 Terence


Innate Abilities, Weirdness & Mutations

You are a filthy swine.
You move quickly.
Your equipment is almost entirely melded.
You are incapable of wielding weapons or throwing items.
You cannot cast spells.
You have an increased reservoir of magic. (+10% MP)
You shall have no god before yourself.
Your divine heritage dramatically boosts your attributes as you level up.


Message History

a staff of poison; a goblin corpse You can't see any susceptible monsters within range! (Use Z to cast anyway.) Terence the Incautious comes into view.
He is wielding a +4 mace of holy wrath, wearing a +2 scale mail of cold resistance and carrying a wand of polymorph (11).
The magic dart hits Terence but does no damage.
Terence shouts!
Terence is nearby!
The magic dart hits Terence.
Terence is moderately wounded.
Terence is nearby!
You miscast Magic Dart.
You are very lightly contaminated with residual magic.
Nothing appears to happen.
Casting: Magic Dart (safe; 1% risk of failure)
Confirm with . or Enter, or press ? or * to list all spells.
Aiming: Searing Ray (safe; 3% risk of failure)
Press: ? - help, Shift-Dir - straight line, f/p - Terence
Aim: Terence, wielding a +4 mace of holy wrath, wearing a +2 scale mail of cold resistance and carrying a wand of polymorph (11) (moderately wounded, 81% to hit)
The searing ray hits Terence.
Terence is moderately wounded. (Press . to maintain the ray.) Terence hits you with a +4 mace of holy wrath!
The searing ray hits Terence.
Terence is severely wounded.
Terence hits you with a +4 mace of holy wrath.
The searing ray hits Terence but does no damage.
Terence is severely wounded.
Terence hits you with a +4 mace of holy wrath.
* * * LOW HITPOINT WARNING * * *
The searing ray hits Terence.
Terence is severely wounded.
You finish channelling your searing ray.
Terence zaps a wand.
You turn into a filthy swine.
Your +0 pair of gloves melds into your body.
Your +0 robe melds into your body.
Unknown command.
You hit Terence but do no damage.
Terence is severely wounded.
Terence hits you with a +4 mace of holy wrath!
Ouch! That really hurt!
You die...

#.##.# #.# #.##.#
#.# ####.##.# #)#
........#####.####
#...#.......†....#
#. ###.#.###|###.#
##..# #.# #
#.#.###.#
#.).....h#
#.#..####.@....#
#. .. #).###.# #
.. ...# ...# ##...
#.## #.#


You could see Terence.

Vanquished Creatures
  An adder (D:2)
  2 dart slugs
  A bat (D:1)
  2 endoplasms
  A giant cockroach (D:1)
  3 goblins
  A hobgoblin (D:2)
  3 jackals (D:1)
  2 quokkas (D:1)
  A ball python (D:1)
  2 kobolds
  A rat (D:1)
20 creatures vanquished.

Notes
Turn   | Place    | Note
-------+----------+-------------------------------------------
     0 | D:1      | McKennaii the Demigod Conjurer began the quest for the Orb.
     0 | D:1      | Reached XP level 1. HP: 14/14 MP: 5/5
   294 | D:1      | Reached XP level 2. HP: 20/20 MP: 5/7
   319 | D:1      | Learned a level 2 spell: Searing Ray
   412 | D:1      | Found Hamit's Antique Weapon Emporium.
   980 | D:2      | Reached skill level 4 in Conjurations
  1146 | D:2      | Reached XP level 3. HP: 26/26 MP: 1/9
  1216 | D:2      | Noticed Terence
  1224 | D:2      | Mangled by Terence

Illustrated notes

Levels and vault maps discovered:
D:1:      minmay_arrival_open_corners, layout_loops_ring, serial_shops, shop,
          dreamdust_mushroom_princess, hex_large
D:2:      layout_loops_ring, shapermc_ecumenical_altar_pompeii, uniq_terence,
          uniq_sigmund, uniq_crazy_yiuf_cottage

Skill      XL: |  1  2 |
---------------+-------+-----
Spellcasting   | 2 |  2.5
Conjurations   | 4 |  4.1
Dodging        | |  1.7
Stealth        | |  1.7

Action                     || total
---------------------------++-------
  Melee: Unarmed           ||    11
   Cast: Magic Dart        ||    47
         Searing Ray       ||     1
 Armour: Robe              ||     4
  Dodge: Dodged            ||    14
